 Dungeon Crawl Stone Soup version bcrawl-1.34.4 (webtiles) character file.

Game seed: 7600340518387925720

101732 KristoblXynda the Skirmisher (level 4, -4/37 HPs)
             Began as a Demonspawn Monk on Oct 21, 2021.
             Slain by Grinder (5 damage)
             ... on level 3 of the Dungeon.
             The game lasted 00:04:57 (3425 turns).

KristoblXynda the Skirmisher (Demonspawn Monk)      Turns: 3425, Time: 00:04:58

Health: -4/37      AC:  8    Str: 12    XL:     4   Next: 83%
Magic:  0/6        EV: 10    Int: 11    God:
Gold:   288        SH:  0    Dex: 16    Spells: 3/3 levels left

rFire    . . .     SeeInvis .     - Fists (7.4)
rCold    . . .     Gourm    .   (no shield)
rNeg     . . .     Faith    .   o - +0 scale mail
rPois    .         Spirit   +   b - +0 hat
rElec    .         Reflect  .   (no cloak)
rCorr    .         Harm     .   (no gloves)
MR       .....                  (no boots)
Stlth    +.........             c - amulet of guardian spirit
HPRegen  0.12/turn              (no ring)
MPRegen  0.10/turn              (no ring)

@: swift, flying, quick
A: antennae 2, iridescent scales 1
a: no special abilities


You were on level 3 of the Dungeon.
You were hungry.

You visited 1 branch of the dungeon, and saw 3 of its levels.

You collected 288 gold pieces.

Inventory:

Armour
 b - a +0 hat (worn)
 o - a +0 scale mail (worn)
Jewellery
 c - an amulet of guardian spirit (around neck)
Scrolls
 d - 3 scrolls of remove curse
 g - a scroll of teleportation
 h - a scroll of amnesia {unknown}
 i - a scroll of enchant weapon {unknown}
 m - 7 scrolls of enchant armour
 n - a scroll of blinking {unknown}
Potions
 f - a potion of agility
 k - a potion of lignification {unknown}
Comestibles
 e - 5 rations {!d}


   Skills:
 + Level 3.8 Fighting
 + Level 1.8 Armour
 + Level 3.3 Dodging
 - Level 2.0 Stealth
 + Level 3.5 Unarmed Combat
   Level 2.6 Invocations


You had 3 spell levels left.
You didn't know any spells.
Your spell library was empty.

Dungeon Overview and Level Annotations

Branches:
Dungeon (3/12)

Altars:
Hepliaklqana
Qazlal
Trog

Annotations:
D:3 Grinder


Innate Abilities, Weirdness & Mutations

You have a pair of antennae on your head.
You are partially covered in iridescent scales. (AC +2)


Message History

Grinder hits you!
You writhe in agony.
* * * LOW HITPOINT WARNING * * *
You hit Grinder but do no damage.
Grinder is heavily wounded.
You feel a little less agile now. Grinder hits you.
* * * LOW HITPOINT WARNING * * *
You writhe in agony.
* * * LOW HITPOINT WARNING * * *
You hit Grinder.
Grinder is heavily wounded.
The orc shouts!
Grinder says, "I used to sell toenails on the black market."
Grinder hits you but does no damage.
It was a potion of flight.
You feel very buoyant.
You fly up into the air.
Grinder hits you!
* * * LOW HITPOINT WARNING * * *
You writhe in agony.
You die...

#.....##...####....#
#.....##.####...####
#...†....####.###
#.....#.......#
#........###..#
###.#.##.# ##.###
#.#.##.# #...###
#.#.##.# #.#...##
#@#.##.# #.###..#
#5#.# .# #.# ##..
#...# ..# ###
#........{o.# ###
#.........#.#
#.........#
###########


You could see Grinder.

Vanquished Creatures
  2 adders (D:3)
  2 oozes
  3 worms
  4 dart slugs
  4 leopard geckos
  2 orcs
  A ball python (D:1)
  6 bats
  A giant cockroach (D:2)
  13 goblins
  9 hobgoblins
  3 jackals
  6 kobolds
  3 quokkas
  9 frilled lizards
  4 rats
72 creatures vanquished.

Notes
Turn   | Place    | Note
-------+----------+-------------------------------------------
     0 | D:1      | KristoblXynda the Demonspawn Monk began the quest for the
                  | Orb.
     0 | D:1      | Reached XP level 1. HP: 18/18 MP: 2/2
   455 | D:1      | Gained mutation: You are partially covered in iridescent
                  | scales. (AC +2) [demonic ancestry]
   455 | D:1      | Reached XP level 2. HP: 21/24 MP: 4/4
   693 | D:1      | Reached skill level 1 in Armour
   693 | D:1      | Gained mutation: You have a pair of small antennae on your
                  | head. [demonic ancestry]
   693 | D:1      | Reached XP level 3. HP: 23/29 MP: 3/5
  1681 | D:2      | Gained mutation: You have a pair of antennae on your head.
                  | [demonic ancestry]
  1681 | D:2      | Reached XP level 4. HP: 28/35 MP: 6/6
  2090 | D:2      | Found a hazy altar of Hepliaklqana.
  2091 | D:2      | Found a bloodstained altar of Trog.
  2744 | D:3      | Found a stormy altar of Qazlal.
  3353 | D:3      | Noticed Grinder
  3391 | D:3      | Paralysed by something for 2 turns
  3425 | D:3      | HP: 1/37 [Grinder (6)]
  3425 | D:3      | Slain by Grinder

Skill      XL: |  1  2 |
---------------+-------+-----
Unarmed Combat | 3 |  3.5
Dodging        | 3 |  3.3
Armour         | 1 |  1.8
Fighting       | |  3.8
Stealth        | |  2.0
Invocations    | |  2.6

Action                   |  1- 3 |  4- 6 || total
-------------------------+-------+-------++-------
Melee: Unarmed           |   164 |   145 ||   309
       Punch             |       |     1 ||     1
  Use: Scroll            |       |     4 ||     4
       Potion            |       |     4 ||     4
 Stab: Sleeping          |     8 |     2 ||    10
  Eat: Chunk             |     6 |     9 ||    15
Armor: Robe              |    31 |     2 ||    33
       Leather armour    |       |    21 ||    21
       Scale mail        |       |     7 ||     7
Dodge: Dodged            |    89 |    70 ||   159
